Cogmind - Beta 14 @@@ ROGUE MODE // 2024.08.17 @ 03:15:35 Player: Lillith Result: Destroyed by MA-83Y(R) with Subdweller Beam Cannon Performance ------------- Evolutions (0) 0 Regions Visited (2) 400 Robots Destroyed (23) 115 Value Destroyed (477) 477 Prototype IDs (0) 0 Alien Tech Used (0) 0 Bonus (0) 0 TOTAL SCORE: 992 Bonus ------- None Cogmind --------- Core Integrity 0/250 Matter 300/300 Energy 200/200 System Corruption 0% Temperature Cool (9) Movement Core (100) Ox1 Location -10/Subcaves Parts ------- > --- POWER (1) -------- Subdweller Power Source > --- PROPULSION (2) --- (None) > --- UTILITY (2) ------ (None) > --- WEAPON (2) ------- (None) > --- INVENTORY (5) ---- Subdweller Power Source Makeshift Leg Sensor Array Core Shielding Peak State ------------ > --- POWER ------------ Subdweller Power Source > --- PROPULSION ------- Light Treads Light Treads > --- UTILITY ---------- Scrap Shield > --- WEAPON ----------- Beam Cannon Subdweller Machine Gun > --- INVENTORY -------- Subdweller Power Source Makeshift Hover Unit Sensor Array Core Shielding Shrapnel Trap [Rating: 12] Favorites ----------- Power Light Ion Engine Engine Light Ion Engine Power Core Light Nuclear Core Propulsion Light Treads Treads Light Treads Hover Unit Hover Unit Utility Scrap Shield Device Sensor Array Storage Large Storage Unit Protection Scrap Shield Weapon Assault Rifle Energy Gun Small Laser Energy Cannon Beam Cannon Ballistic Gun Assault Rifle Special Weapon Multitool Build | -11 -10 -10 ------- Run | Yrd Mat Sub Slots Evolved . | . . . Power . | . . . Propulsion . | . . . Utility . | . . . Weapon . | . . . Parts Attached 30 | 6 15 9 Power 8 | 1 5 2 Engine 6 | 1 3 2 Core 2 | . 2 . Reactor . | . . . Propulsion 6 | 2 4 . Treads 4 | 2 2 . Leg . | . . . Wheel . | . . . Hover 2 | . 2 . Flight . | . . . Utility 7 | 1 3 3 Device 1 | . 1 . Storage 3 | 1 2 . Processor . | . . . Hackware . | . . . Protection 3 | . . 3 Artifact . | . . . Weapon 9 | 2 3 4 Energy Gun 2 | 1 1 . Energy Cannon 1 | . 1 . Ballistic Gun 5 | 1 1 3 Ballistic Cannon . | . . . Launcher . | . . . Special Weapon 1 | . . 1 Impact Weapon . | . . . Slashing Weapon . | . . . Piercing Weapon . | . . . Special Melee Weapon . | . . . Unidentified Prototypes . | . . . Parts Lost 10 | . 3 7 Power 2 | . 1 1 Propulsion 3 | . 1 2 Utility 2 | . . 2 Weapon 3 | . 1 2 Highest Loss Streak 5 | . 2 5 To Critical Strikes . | . . . Average Slot Usage (%) 88 | . 89 87 Engine 13 | . 12 13 Treads 24 | . 20 27 Hover 3 | . 7 . Device 3 | . 4 2 Storage 7 | . 14 3 Protection 6 | . . 10 Energy Cannon 10 | . 5 13 Ballistic Gun 16 | . 21 12 Peak Build Rating 12 | 6 8 12 Average Rating 8 | 4 6 9 On Entrance 4 | . 6 8 Naked Turns . | . . . Heaviest Build 31 | 11 31 30 Greatest Support 40 | 40 40 40 Greatest Overweight (x) 3 | . 3 1 Average Overweight (x) . | . . . Largest Inventory Capacity 15 | 8 15 15 Average Capacity 9 | 6 11 7 Most Carried 12 | 4 12 12 Average Carried 7 | 3 8 6 Final Capacity 15 | 8 15 5 Final Carried 12 | 4 12 4 Class Distribution -------------------- 67% | Mutant 19% | Scavenger-Mutant 12% | Subdweller-Mutant Dominant Class ---------------- Mutant | -10/Materials Mutant | -10/Subcaves Resources | -11 -10 -10 ----------- Run | Yrd Mat Sub Matter Collected 813 | 130 479 204 Remotely . | . . . Salvage Created 728 | . 539 189 Parts 54 | . 42 12 Haulers Intercepted 2 | . 2 . Recyclers Shooed . | . . . Parts Field Recycled . | . . . Retrieved Matter . | . . . Parts Self-Destructed 5 | . . 5 Prevented . | . . . Kills | -11 -10 -10 ------- Run | Yrd Mat Sub Combat Hostiles Destroyed 15 | . 10 5 Guns 13 | . 10 3 Cannons 2 | . . 2 Classes Destroyed 7 | . 6 1 Builder 2 | . 2 . Hauler 2 | . 2 . Recycler 1 | . 1 . Watcher 3 | . 3 . Swarmer 6 | . 6 . Grunt 4 | . 4 . Subdweller 5 | . . 5 Best Kill Streak 5 | . 5 2 Combat Bots Only 3 | . 3 2 Max Kills in Single Turn 2 | . 2 1 Gunslinging . | . . . Exploded . | . . . Melee . | . . . Uniques/NPCs Destroyed . | . . . Combat | -11 -10 -10 -------- Run | Yrd Mat Sub Hostile Shots Fired 90 | . 41 49 Missed 19 | . 8 11 Damage Taken 1455 | . 360 1095 Core 255 | . 66 189 Absorbed by Shields . | . . . Redirected to Shielding 6 | . . 6 Core Remaining (%) 100 | 100 . . Volleys Fired 74 | . 42 32 Largest 2 | . 2 2 Hottest 90 | . 80 90 Shots Fired 126 | . 83 43 Gun 91 | . 80 11 Cannon 26 | . 3 23 Launcher . | . . . Special 9 | . . 9 Kinetic 89 | . 78 11 Thermal 37 | . 5 32 Explosive . | . . . Electromagnetic . | . . . Robot Hit Streak 14 | . 12 14 Robot Miss Streak 7 | . 7 1 Penetration Max . | . . . Secondary Targets . | . . . Shots Hit Robots 70 | . 48 22 Core Hits 34 | . 24 10 Critical Kills . | . . . Critical Parts Destroyed . | . . . Critical Strikes . | . . . Melee Attacks . | . . . Impact . | . . . Slashing . | . . . Piercing . | . . . Sneak Attacks . | . . . Combat Hostiles . | . . . Follow-up Attacks . | . . . Damage Inflicted 1022 | . 637 385 Guns 744 | . 602 142 Cannons 278 | . 35 243 Explosions . | . . . Melee . | . . . Ramming . | . . . Kinetic 719 | . 577 142 Thermal 303 | . 60 243 Explosive . | . . . Electromagnetic . | . . . Impact . | . . . Slashing . | . . . Piercing . | . . . Highest Corruption . | . . . Average Corruption . | . . . Corruption Purged . | . . . Corruption Blocked . | . . . Overload Shots . | . . . Overflow Damage . | . . . Projectiles . | . . . Explosions . | . . . Melee . | . . . Knockbacks . | . . . Impact . | . . . Kinetic . | . . . Secondary . | . . . Self-Inflicted Damage . | . . . Shots . | . . . Rammed . | . . . Targets Rammed . | . . . Kicked . | . . . Crushed . | . . . Highest Temperature 251 | . 36 251 Average Temperature 50 | . 11 162 Received Heat Transfer 607 | . 141 466 Siege Activations . | . . . Robots Corrupted . | . . . Combat Hostiles . | . . . Parts Fried . | . . . Impact Corruptions . | . . . Robots Melted . | . . . Combat Hostiles . | . . . Parts Melted 1 | . . 1 Heat Transferred 642 | . 124 518 Parts Sabotaged . | . . . Parts Stolen . | . . . Parts Stripped . | . . . Power Chain Reactions . | . . . Alert | -11 -10 -10 ------- Run | Yrd Mat Sub Peak Influence 341 | . 341 . Initial . | . . . Average 118 | . 125 . Maximum Alert Level 1 | . 1 . Low Security (%) 81 | 100 80 . Level 1 18 | . 19 . Level 2 . | . . . Level 3 . | . . . Level 4 . | . . . Level 5 . | . . . High Security . | . . . Max Security . | . . . Squads Dispatched 3 | . 3 . Investigation 1 | . 1 . Extermination . | . . . Reinforcement 2 | . 2 . Assault . | . . . Garrison . | . . . Intercept . | . . . Searches Triggered . | . . . Construction Impeded . | . . . Haulers Reinforced . | . . . Active Scanning Responses . | . . . Cargo Convoy Interrupts . | . . . Stealth | -11 -10 -10 --------- Run | Yrd Mat Sub Distress Signals 1 | . 1 . Communications Jammed . | . . . Distress Signals . | . . . Times Spotted 29 | . 20 9 Peak Tracking Total 5 | . 5 2 Tactical Retreats 3 | . 3 . Traps | -11 -10 -10 ------- Run | Yrd Mat Sub Traps Triggered 2 | . 1 1 Indirectly . | . . . Trap Hack Attempts . | . . . Triggered . | . . . Disarmed . | . . . Reprogrammed . | . . . Reused 2 | . . 2 Traps Extracted . | . . . Installed 2 | . . 2 Triggered . | . . . Most Traps Carried 1 | . . 1 Machines | -11 -10 -10 ---------- Run | Yrd Mat Sub Machines Disabled . | . . . Max in Single Turn . | . . . Machines Repaired . | . . . Machines Dismantled . | . . . Machines Sabotaged . | . . . Overloaded Fab Kills . | . . . Hacking | -11 -10 -10 --------- Run | Yrd Mat Sub Machines Accessed 4 | . 4 . Terminals 3 | . 3 . Fabricators . | . . . Repair Stations . | . . . Recycling Units 1 | . 1 . Scanalyzers . | . . . Garrison Access . | . . . Total Hacks 11 | . 11 . Successful 6 | . 6 . Failed 4 | . 4 . Catastrophic . | . . . Database Lockouts 1 | . 1 . Manual 9 | . 9 . Terminals 7 | . 7 . Fabricators . | . . . Repair Stations . | . . . Recycling Units 4 | . 4 . Scanalyzers . | . . . Garrison Access . | . . . Terminal Hacks 1 | . 1 . Robot Analysis 1 | . 1 . Fabricator Hacks . | . . . Repair Station Hacks . | . . . Recycling Unit Hacks 1 | . 1 . Retrieve Components 1 | . 1 . Scanalyzer . | . . . Garrison Access Hacks . | . . . Unauthorized Hacks 4 | . 4 . Terminals 4 | . 4 . Botnet 2 | . 2 . Skim 2 | . 2 . Fabricators . | . . . Repair Stations . | . . . Recycling Units . | . . . Scanalyzers . | . . . Garrison Access . | . . . Data Cores Recovered . | . . . Used . | . . . Hacking Detections 4 | . 4 . Full Trace Events . | . . . Feedback Events . | . . . Feedback Blocked . | . . . Robot Schematics Acquired . | . . . Robots Built . | . . . Authchips . | . . . Time . | . . . Total Robot Build Rating . | . . . Part Schematics Acquired . | . . . Parts Built . | . . . Authchips . | . . . Time . | . . . Total Part Build Rating . | . . . Parts Repaired . | . . . Time . | . . . Parts Recycled . | . . . Recycled Matter . | . . . Retrieved Matter . | . . . Retrieved Components 10 | . 10 . Parts Scanalyzed . | . . . Part Schematics Acquired . | . . . Parts Damaged . | . . . Bothacking | -11 -10 -10 ------------ Run | Yrd Mat Sub Used RIF Installer . | . . . Robots Hacked . | . . . Non-combat . | . . . Combat . | . . . Robot Hacks Applied . | . . . Relay Couplers Released . | . . . Fabnet Peak Effective % . | . . . Robots Rewired . | . . . Allies Hacked . | . . . Hacks Repelled . | . . . Allies | -11 -10 -10 -------- Run | Yrd Mat Sub Total Allies . | . . . Largest Group . | . . . Highest-Rated Group . | . . . Highest-Rated Ally . | . . . Total Orders . | . . . Ally Attacks . | . . . Total Damage . | . . . Kills . | . . . Allies Corrupted . | . . . Allies Melted . | . . . Intel | -11 -10 -10 ------- Run | Yrd Mat Sub Robot Analysis Total 1 | . 1 . Derelict Logs Recovered . | . . . Drone Launches . | . . . Drone Recoveries . | . . . Exploration | -11 -10 -10 ------------- Run | Yrd Mat Sub Turns Passed 2770 | 68 1163 1539 Spaces Moved 1425 | 36 524 865 Core 3 | 1 1 1 Treads 1239 | 35 340 864 Legs . | . . . Wheels . | . . . Hover 183 | . 183 . Flight . | . . . Fastest Speed 50 | 50 56 100 Average Speed 149 | 156 133 159 Slowest Speed 200 | 160 200 160 Overloaded Moves . | . . . Propulsion Burnouts . | . . . Robots Hopped . | . . . Cave-ins Triggered . | . . . Exploration Rate (%) 37 | 4 72 37 Regions Visited 2 Branch Regions 1 Pre-discovered Areas . | . . . Known Exits Taken . | . . . Unknown Exits Taken 2 | 1 1 . Scrap Searched . | . . . Spaces Dug . | . . . Terrain Destroyed . | . . . Melee . | . . . Projectile . | . . . AOE . | . . . Terrain Rammed . | . . . Walls Destroyed . | . . . Machines Disabled . | . . . Actions | -11 -10 -10 --------- Run | Yrd Mat Sub Total 1938 | 45 911 982 Wait 343 | . 299 44 Move 1423 | 35 523 865 Hop . | . . . Pick Up 28 | 4 14 10 Fast Attach 19 | 6 8 5 Attach 6 | . 5 1 Detach 8 | . 6 2 Swap 5 | . 2 3 Drop 28 | . 12 16 Fire 74 | . 42 32 Melee . | . . . Ram . | . . . Kick . | . . . Crush . | . . . Escape Stasis . | . . . Rewire . | . . . Trap 2 | . . 2 Miscellaneous 2 | . . 2 Route ------- -11/Scrapyard -10/Materials (discovered 4 exits: [*Mat] / [*Min x2] / [*Sub]) -10/Subcaves (discovered 1 exit: [*Mat]) History --------- Turn | Location | Event 26 | -11/Scrapyard | Discovered new exit (range 16) 69 | -11/Scrapyard | Entered Materials 150 | -10/Materials | Central database locked down 298 | -10/Materials | Discovered new exit (range 13) 312 | -10/Materials | Build established: Mutant 709 | -10/Materials | Discovered new exit (range 10) 799 | -10/Materials | Discovered new exit (range 6) 1203 | -10/Materials | Discovered new exit (range 8) 1232 | -10/Materials | Entered Subcaves 1248 | -10/Subcaves | A swath of the cavern ceiling suddenly collapsed 1303 | -10/Subcaves | Discovered new exit (range 11) 2077 | -10/Subcaves | Build established: Scavenger-Mutant 2235 | -10/Subcaves | A swath of the cavern ceiling suddenly collapsed 2375 | -10/Subcaves | Core integrity fell below 50% 2376 | -10/Subcaves | Ambushed by Subdweller buried in earth 2705 | -10/Subcaves | Build established: Subdweller-Mutant 2744 | -10/Subcaves | Core integrity fell below 20% 2771 | -10/Subcaves | Destroyed by MA-83Y(R) with Subdweller Beam Cannon Last Messages --------------- 02718_ Sub. Machine Gun destroyed. 02720_ Dropped Shrapnel Trap. 02720_ Installed Shrapnel Trap. 02728_ FC-PH0(R) triggered Shrapnel Trap. 02728_ An expanding cloud of shrapnel blasts out in all directions. 02737_ Acquired Shrapnel Trap. 02740_ Subatomizers dissect the Sub. Power Source. 02740_ 18-49X(u) deconstructs Twisted Machinery. 02742_ Scrap Shield destroyed. 02747_ 18-49X(u) deconstructs Twisted Machinery. 02748_ Dropped Shrapnel Trap. 02748_ Installed Shrapnel Trap. 02759_ FC-PH0(R) triggered Shrapnel Trap. 02759_ An expanding cloud of shrapnel blasts out in all directions. 02760_ Lgt. Treads destroyed. 02766_ Beam Cannon destroyed. 02770_ Lgt. Treads destroyed. Map ----- +----------------------------------------------------+ | ????????????????????????????????## ## | | ##??####??????????????????????????# #### | | ??? """?????????????????????????# #??# | | ?? "?????????????????????????## ###??## | | # ### ???????????????????????????###?????#### | | & ????????????????????????????????????????? | | #%!& ?????????????????????????????????????????? | | "" ???????????????? ??????????????????????????? | | """ #????????????????? ?????????????????????????? | | #????????????????? ????????????????????????? | | #?????????????#### ?????????????????????????? | | #??????###????? ?????????????????????????? | | # ##?????# ##???? ?????????????????????????? | | ## #???### ###?? ??????????????????????????? | | ?# ##??# #??# ##?????????????????????????? | | ## #?## #?## #?????????????????????????? | | ### #?? #??????????????????????????? | | "# ;### ##?????????????????????????? | | = #?????????????????????????# | | ## * #?????????????######?????## | | # ## ! "; #?????????????# ####### | | #### # ; ##??###??????## # # # # | | ? "" #?# RR #### #####?## | | #"" #?# ### | | """ #?# ## ###### | | " ## #?# ### u @ ##????## | | ##?# #?# #?#" ;### ########??????## | | ???# #?# #?#"" #### #??????????????? | | ???# ######?#""" ## ##?????????????? | | ????# #?????## #?????????????? | | # ????## #??????# " ##????????????? | | #??????## ##??????# ## #????????????? | | ????????? ???????# ### ##????????????? | | ????????? #??????# "##?# ##????????????? | | ????????? ??????# ##??##### #????????????? | | ????????? ?#?????#"" ##???????# #????????????? | | ?????????????????#"" #?????????## #????????????? | | ?????????????????####???????????## ##???????????? | | ?????????????????????????????????# #???????????? | | ????????????????????????????????## #???????????? | | ????????????????????????????????# ##???????????? | | ????????????????????????????????# ##????????????? | | ????????????????????????????????####?????????????? | | ?????????????????????????????????????????????????? | | ?????????????????????????????????????????????????? | | ?????????????????????????????????????????????????? | | ?????????????????????????????????????????????????? | | ?????????????????????????????????????????????????? | | ?????????????????????????????????????????????????? | | ?????????????????????????????????????????????????? | +----------------------------------------------------+ Best States ------------- Heat Dissipation 25 Energy Generation 15 Energy Capacity 250 Matter Stores 300 Matter Capacity 300 Sight Range 16 Robot Scan Range 14 Terrain Scan Density 10 Armor Coverage 800 Core Shielding 20 Evasion (%) 53 Recoil Reduction 2 Item Schematics ----------------- None Robot Schematics ------------------ None Fabricated ------------ Nothing Alien Tech Used ----------------- None Achievements -------------- None Challenges ------------ None Game ------ Seed TerrainSpreadCleaver Manual? 0 Play Time 00:17:54 Cumulative 23.9 hours Start 2024.08.17 @ 03:00:30 End 2024.08.17 @ 03:15:35 Sessions 1 Manual Loads 0 Difficulty Rogue Special Mode None Game No. 43 Rogue 43 Adventurer 0 Explorer 0 Win Type - Total 0 Types 0/0/0/0/0/0/0/0/0 Lore% 30 Gallery% 25 Achievement% 23 Wizard Run 0 Options --------- Layout 2 ASCII 0 Keyboard 1 Movement Arrows Keybinds 0 Fullscreen 2 Font 32/SmallcapsGlow Map View 50x44 Zoom Use 0% Tactical HUD 1 Map Filters NONE Filters NONE Steam 1 RUN: be7c288d-a6eb-410f-b6e3-036f5153afa5